 Dungeon Crawl Stone Soup version 0.27.1-34-g3ba077fa99 (webtiles) character file.

Game seed: 11896636968635412611

91 chibimon the Skirmisher (level 4, -15/40 HPs)
             Began as a Draconian Fighter on Jan 8, 2022.
             Engulfed by a cloud of flame (24 damage)
             ... on level 2 of the Dungeon.
             The game lasted 00:03:55 (1594 turns).

chibimon the Skirmisher (Draconian Fighter)         Turns: 1594, Time: 00:03:57

Health: -15/40     AC:  5    Str: 19    XL:     4   Next: 33%
Magic:  4/4        EV: 10    Int:  9    God:
Gold:   36         SH:  9    Dex: 10    Spells: 3/3 levels left

rFire    . . .     SeeInvis .   a - +0 trident
rCold    . . .     Faith    .   b - +0 kite shield
rNeg     . . .     Spirit   .   (armour unavailable)
rPois    .         Reflect  .   (helmet restricted)
rElec    .         Harm     .   (no cloak)
rCorr    +         Rampage  .   (no gloves)
Will     .....                  (no boots)
Stlth    +.........             (no amulet)
HPRegen  0.13/turn              c - ring of resist corrosion
MPRegen  0.09/turn              (no ring)

@: no status effects
A: AC +5, unfitting armour, cold-blooded
a: no special abilities


You were on level 2 of the Dungeon.
You visited 1 branch of the dungeon, and saw 2 of its levels.

You collected 36 gold pieces.

Inventory:

Hand Weapons
 a - a +0 trident (weapon)
Armour
 b - a +0 kite shield (worn)
Jewellery
 c - a ring of resist corrosion (left hand)
Scrolls
 d - a scroll of immolation
 i - a scroll of fear {unknown}
Potions
 e - a potion of curing {unknown}
 f - a potion of heal wounds {unknown}
 g - a potion of brilliance {unknown}


   Skills:
 * Level 3.9 Fighting
 + Level 2.4 Polearms
 * Level 3.2 Dodging
 * Level 3.7 Shields
 + Level 0.3 Spellcasting
 + Level 1.0 Invocations


You had 3 spell levels left.
You didn't know any spells.
Your spell library contained the following spells:

 Spells                   Type           Power      Damage    Failure   Level
 Olgreb's Toxic Radiance  Pois           0%         N/A       100%        4
 Ozocubu's Refrigeration  Ice            0%         4d5       100%        7
 Ignition                 Fire           0%         3d3       100%        8


Dungeon Overview and Level Annotations

Branches:
Dungeon (2/15)

Altars:
Yredelemnul

Shops:
D:1 *

Annotations:
D:2 1 runed translucent door, Crazy Yiuf, Robin


Innate Abilities, Weirdness & Mutations

Your plain brown scales are hard. (AC +5)
You cannot fit into any form of body armour.
You are cold-blooded and may be slowed by cold attacks.


Message History

Your tail-slap misses the goblin.
You block the goblin's attack.
You puncture the goblin!
You kill the goblin!
i - a scroll labelled AWUIPN YSUTH
Found a robe.
Found a mace.
Found a runed translucent door.
No target in view! 4 goblins and Robin come into view.
Robin is wielding a +0 short sword of venom.
The goblin shouts! x3; You hear a shout!
A goblin comes into view. It is wielding a +0 club.
The goblin moves out of view.
Robin shouts!
A goblin comes into view. It is wielding a +0 dagger.
Found 17 sling bullets.
The goblin shouts! x3
Robin roars a battlecry!
The goblins go into a battle-frenzy!
A rat comes into view.
A goblin comes into view. It is wielding a +0 dagger.
A hobgoblin comes into view.
The hobgoblin shouts!
You hear a shout! x2
Okay, then.
As you read the scroll labelled YMULUOZASE, it crumbles to dust.
The creatures around you are filled with an inner flame!
It was a scroll of immolation.
As you read the scroll labelled XEEFIA GARU, it crumbles to dust.
You speak a Word of immense power!
It was a scroll of holy word.
A hobgoblin comes into view.
Robin throws the goblin at you!
The rat twitches its whiskers.
The goblin hits you but does no damage.
You miss the goblin. You tail-slap the goblin.
The goblin explodes!
The fiery explosion engulfs you!!
Ouch! That really hurt!
* * * LOW HITPOINT WARNING * * *
You are engulfed in blazing flames.
Ouch! That really hurt!
You die... ........... ........###.. (P♣ g ...###### #.#... .. . ...# ..... ggr#

...# #...# .#g ...#
#...##g. )..# #....g.
..## #.#.#g# )######
#.#.#@##.# .##...##
###.#§§§...#
...###.###.#..§§.####
.#.# #....#.######
##.###.###.##
###...## #.# #######
#.. .# ##.# .#### .#


You could see Robin (inner flame), 2 hobgoblins, 4 goblins and a rat (inner
flame).

Vanquished Creatures
  Jessica (D:2)
  A gnoll (D:1)
  3 dart slugs
  8 endoplasms (D:1)
  2 giant cockroaches (D:1)
  4 goblins
  4 hobgoblins
  6 jackals (D:1)
  4 kobolds
  A quokka (D:1)
  2 ball pythons (D:1)
  3 bats (D:1)
  3 frilled lizards (D:1)
  A rat (D:1)
43 creatures vanquished.

Notes
Turn   | Place    | Note
-------+----------+-------------------------------------------
     0 | D:1      | chibimon the Draconian Fighter began the quest for the Orb.
     0 | D:1      | Reached XP level 1. HP: 19/19 MP: 1/1
   100 | D:1      | Reached XP level 2. HP: 24/26 MP: 2/2
   682 | D:1      | Reached XP level 3. HP: 30/31 MP: 3/3
   698 | D:1      | Found Huniomil's Assorted Antiques.
  1172 | D:2      | Noticed Jessica
  1178 | D:2      | Killed Jessica
  1179 | D:2      | Reached skill level 1 in Invocations
  1179 | D:2      | Reached XP level 4. HP: 33/40 MP: 4/4
  1391 | D:2      | Found a basalt altar of Yredelemnul.
  1556 | D:2      | Found a runed translucent door.
  1557 | D:2      | Noticed Crazy Yiuf
  1590 | D:2      | Noticed Robin
  1594 | D:2      | Engulfed by a cloud of flame

Illustrated notes

Levels and vault maps discovered:
D:1:      erik_arrival_triangle_medium, layout_rooms, serial_shops, shop
D:2:      layout_loops_cross, basic_altar, ebering_ecumenical_altar_petrified,
          uniq_robin, uniq_crazy_yiuf_cottage, uniq_jessica

Skill      XL: |  1  2  3 |
---------------+----------+-----
Dodging        | 3 |  3.2
Invocations    | 1 |  1.0
Fighting       | |  3.9
Polearms       | |  2.4
Shields        | |  3.7
Spellcasting   | |  0.3

Action                   |  1- 3 |  4- 6 || total
-------------------------+-------+-------++-------
Melee: Trident           |   126 |    12 ||   138
       Tailslap          |     6 |     1 ||     7
  Use: Potion            |     1 |       ||     1
       Scroll            |       |     2 ||     2
Armor: Skin              |    37 |     2 ||    39
Dodge: Dodged            |    77 |     1 ||    78
Block: Kite shield       |    56 |     4 ||    60
